 Dungeon Crawl Stone Soup version 0.28-a0-863-g8cecda6153 (webtiles) character file.

Game seed: 4623179049700009545

91 siradein the Grave Robber (level 4, -7/24 HPs)
             Began as a Deep Elf Necromancer on Nov 16, 2021.
             Killed from afar by Ijyb (27 damage)
             ... with a bolt of acid
             ... on level 3 of the Dungeon.
             The game lasted 00:04:14 (2858 turns).

siradein the Grave Robber (Deep Elf Necromancer)    Turns: 2858, Time: 00:04:15

Health: -7/24      AC:  2    Str:  5    XL:     4   Next: 34%
Magic:  8/12       EV: 13    Int: 21    God:
Gold:   117        SH:  0    Dex: 15    Spells: 7/11 levels left

rFire   . . .      SeeInvis .   b - +0 quarterstaff
rCold   . . .      Faith    .   (shield currently unavailable)
rNeg    . . .      Spirit   .   a - +0 robe
rPois   .          Reflect  .   (no helmet)
rElec   .          Harm     .   (no cloak)
rCorr   .          Rampage  .   (no gloves)
Will    .....                   (no boots)
Stlth   ++........              (no amulet)
HPRegen 0.08/turn               (no ring)
MPRegen 0.13/turn               (no ring)

@: no status effects
A: no striking features
a: no special abilities


You were on level 3 of the Dungeon.
You visited 1 branch of the dungeon, and saw 3 of its levels.

You collected 117 gold pieces.

Inventory:

Hand Weapons
 b - a +0 quarterstaff (weapon)
Armour
 a - a +0 robe (worn)
Scrolls
 c - a scroll of blinking {unknown}
 d - a scroll of enchant armour {unknown}
 e - 2 scrolls of identify {unknown}
 i - a scroll of noise {unknown}
Potions
 f - a potion of magic {unknown}
 g - a potion of curing {unknown}
 h - a potion of invisibility {unknown}


   Skills:
 + Level 3.9 Dodging
 - Level 2.4 Stealth
 + Level 4.2 Spellcasting
 + Level 5.6 Necromancy


You had 7 spell levels left.
You knew the following spells:

 Your Spells              Type           Power      Damage    Failure   Level
a - Pain                  Necr           100%       1d9       1%          1
b - Vampiric Draining     Necr           28%        2d8       3%          3

Your spell library contained the following spells:

 Spells                   Type           Power      Damage    Failure   Level
 Animate Skeleton         Necr           56%        N/A       1%          1
 Animate Dead             Necr           14%        N/A       12%         4
 Agony                    Necr           28%        N/A       32%         5


Dungeon Overview and Level Annotations

Branches:
Dungeon (3/15)

Altars:
Vehumet

Annotations:
D:3 Ijyb


Message History

Where to? (Enter - D:2, ? - help)
What level of the Dungeon? (default 1, ? - help)
There is an open door here.
There is a stone staircase leading down here.
You climb downwards.
There is a stone staircase leading up here.
A giant cockroach comes into view.
Aiming: Pain (safe; 1% risk of failure)
Press: ? - help, Q - select action Shift-Dir - straight line, f - giant cockroach
Aim: a giant cockroach (asleep, chance to affect: 93%)
The giant cockroach writhes in agony.
You kill the giant cockroach!
Magic restored.
Found 14 stones.
You see here 14 stones.
Ijyb the Twisted Goblin comes into view.
She is wielding a +5 club, wearing a +4 ring mail of fire resistance and carrying a wand of acid (7).
Ijyb shouts!
A giant cockroach comes into view.
Aiming: Pain (safe; 1% risk of failure)
Press: ? - help, Q - select action Shift-Dir - straight line, f - Ijyb
Aim: Ijyb, wielding a +5 club, wearing a +4 ring mail of fire resistance and carrying a wand of acid (7) (chance to affect: 89%) Ijyb writhes in agony.
Ijyb screams, "You nasty!
Big nasty!"
Aiming: Pain (safe; 1% risk of failure)
Press: ? - help, Q - select action Shift-Dir - straight line, f/p - Ijyb
Aim: Ijyb, wielding a +5 club, wearing a +4 ring mail of fire resistance and carrying a wand of acid (7) (moderately wounded, chance to affect: 89%) Ijyb writhes in agony!
Unknown command.
Aiming: Pain (safe; 1% risk of failure)
Press: ? - help, Q - select action Shift-Dir - straight line, f/p - Ijyb
Aim: Ijyb, wielding a +5 club, wearing a +4 ring mail of fire resistance and carrying a wand of acid (7) (heavily wounded, chance to affect: 89%) Ijyb writhes in agony.
Unknown command.
Aiming: Pain (safe; 1% risk of failure)
Press: ? - help, Q - select action Shift-Dir - straight line, f/p - Ijyb
Aim: Ijyb, wielding a +5 club, wearing a +4 ring mail of fire resistance and carrying a wand of acid (7) (severely wounded, chance to affect: 89%) Ijyb writhes in agony.
Ijyb zaps a wand.
The bolt of acid hits you!!
Ouch! That really hurt!
You die...

#....#
#....#
#.....
....#
...# .B#
#g# #@#
#.# #(#
###.####
#......#
#......#
#......#
#......#
#......#


You could see Ijyb and a giant cockroach.

Vanquished Creatures
  A gnoll (D:2)
  2 adders (D:2)
  A worm (D:2)
  A dart slug (D:2)
  6 ball pythons
  4 bats
  3 endoplasms
  4 giant cockroaches
  4 goblins
  4 hobgoblins
  7 jackals
  2 quokkas (D:1)
  3 frilled lizards
  7 kobolds
  6 rats
55 creatures vanquished.

Notes
Turn   | Place    | Note
-------+----------+-------------------------------------------
     0 | D:1      | siradein the Deep Elf Necromancer began the quest for the
                  | Orb.
     0 | D:1      | Reached XP level 1. HP: 10/10 MP: 6/6
    76 | D:1      | Reached skill level 5 in Necromancy
    83 | D:1      | Reached XP level 2. HP: 5/15 MP: 0/8
  1017 | D:1      | Reached XP level 3. HP: 18/19 MP: 8/10
  1487 | D:1      | Learned a level 3 spell: Vampiric Draining
  1542 | D:2      | Found a radiant altar of Vehumet.
  1885 | D:2      | Reached XP level 4. HP: 18/24 MP: 7/12
  2853 | D:3      | Noticed Ijyb
  2858 | D:3      | Killed from afar by Ijyb

Illustrated notes

Levels and vault maps discovered:
D:1:      ncdulo_halloftheorcs, layout_basic, minmay_heptomino_d4
D:2:      minmay_skewed_foursquare, layout_basic, basic_altar
D:3:      minmay_chambers_of_threes, layout_rooms, minmay_misc_feat_x,
          patterned_corridor, uniq_ijyb, uniq_terence

Skill      XL: |  1  2  3 |
---------------+----------+-----
Necromancy     | 5 |  5.6
Dodging        | 3 |  3.9
Spellcasting   | 4 |  4.2
Stealth        | |  2.4

Action                   |  1- 3 |  4- 6 || total
-------------------------+-------+-------++-------
Melee: Quarterstaff      |     5 |       ||     5
 Cast: Pain              |    63 |    23 ||    86
       Vampiric Draining |       |     1 ||     1
Armor: Robe              |     5 |     1 ||     6
Dodge: Dodged            |    22 |     7 ||    29

Table legend: (Time is in decaauts)
 A = Elapsed time spent in this place.
 B = Non-inter-level travel time spent in this place.
 C = Inter-level travel time spent in this place.
 D = Time resting spent in this place.
 E = Time spent auto-exploring this place.
 F = Levels seen in this place.
 G = Mean time per level.
                   A        B        C        D        E       F      G
               +--------+--------+--------+--------+--------+-----+--------+
         Total |   2858 |   2788 |     70 |      3 |   2548 |   3 |  952.7 |
       Dungeon |   2858 |   2788 |     70 |      3 |   2548 |   3 |  952.7 |
               +--------+--------+--------+--------+--------+-----+--------+

Top non-repeatable levels by time:
     D:1: 1499 daAuts
     D:2: 1331 daAuts
     D:3: 27 daAuts
